 Dungeon Crawl Stone Soup version 0.23.2-1-ga50397a (webtiles) character file.

Game seed: 9456063138443584423

1359 Aldia the Ruffian (level 8, -1/67 HPs)
             Began as a Yellow Draconian Transmuter on June 1, 2019.
             Was an Initiate of Makhleb.
             Slain by a river rat (4 damage)
             ... summoned by Eustachio
             ... on level 6 of the Dungeon.
             The game lasted 00:22:41 (7029 turns).

Aldia the Ruffian (Yellow Draconian Transmuter)     Turns: 7029, Time: 00:22:42

Health: -1/67      AC: 19    Str: 13      XL:     8   Next: 37%
Magic:  11/11      EV: 12    Int: 19      God:    Makhleb [......]
Gold:   297        SH:  0    Dex:  9 (11) Spells: 1/12 levels left

rFire    . . .     SeeInvis .     - Unarmed
rCold    . . .     Gourm    .   (no shield)
rNeg     . . .     Faith    .   (armour unavailable)
rPois    .         Spirit   .   (helmet restricted)
rElec    +         Reflect  .   u - +1 cloak
rCorr    +         Harm     .   w - +4 pair of gloves of the Planets {*Drain rElec MR+++}
MR       +++..                  (no boots)
Stlth    +.........             s - amulet of inaccuracy (curse)
HPRegen  0.21/turn              e - +6 ring of protection
MPRegen  0.12/turn              o - +3 ring of intelligence

@: no status effects
A: spit acid, unfitting armour, cold-blooded, acid resistance, AC +6
a: Breathe Acid, Renounce Religion


You were on level 6 of the Dungeon.
You worshipped Makhleb.
Makhleb was noncommittal.
You were not hungry.

You visited 2 branches of the dungeon, and saw 9 of its levels.

You collected 297 gold pieces.

Inventory:

Missiles
 a - 9 arrows
Armour
 u - a +1 cloak (worn)
 w - the +4 pair of gloves of the Planets (worn) {*Drain rElec MR+++}
   (You found it on level 5 of the Dungeon)

   It insulates you from electricity.
   It affects your resistance to hostile enchantments.
   It causes draining when unequipped.
Jewellery
 e - a +6 ring of protection (left hand)
 j - an uncursed amulet of magic regeneration
 o - a +3 ring of intelligence (right hand)
 s - a cursed amulet of inaccuracy (around neck)
Wands
 g - a wand of iceblast (8)
Scrolls
 k - a scroll of immolation
 l - 2 scrolls of amnesia
 m - 3 scrolls of teleportation
Potions
 b - 2 potions of lignification {unknown}
 d - a potion of flight {unknown}
 f - 2 potions of agility {unknown}
 h - a potion of heal wounds {unknown}
 n - a potion of brilliance {unknown}
 p - 3 potions of curing {unknown}
 q - a potion of haste {unknown}
 r - 2 potions of might {unknown}
 t - 2 potions of mutation {unknown}
 v - a potion of magic {unknown}
Comestibles
 c - 9 rations


   Skills:
 + Level 4.3 Fighting
 - Level 2.0 Dodging
 * Level 7.1 Unarmed Combat
 - Level 2.5 Spellcasting
 + Level 6.2 Transmutations
 - Level 2.0 Poison Magic
 + Level 1.2 Invocations


You had one spell level left.
You knew the following spells:

 Your Spells              Type           Power        Failure   Level  Hunger
a - Beastly Appendage     Tmut           ####..       1%          1    #......
b - Sticks to Snakes      Tmut           ####....     1%          2    ##.....
c - Spider Form           Tmut/Pois      ###.......   9%          3    ###....
d - Blade Hands           Tmut           ####......   34%         5    ######.

Your spell library contained the following spells:

 Spells                   Type           Power        Failure   Level  Hunger
 Ice Form                 Ice/Tmut       ##......     41%         4    #####..


Dungeon Overview and Level Annotations

Branches:
Dungeon (8/15)             Temple (1/1) D:6
   Lair: D:8-11

Altars:
Ashenzari
Dithmenos
Elyvilon
Fedhas
Hepliaklqana
Makhleb
Nemelex Xobeh
Qazlal
Sif Muna
Uskayaw
Vehumet
Xom
Yredelemnul
Zin
Lugonu

Annotations:
D:6 Eustachio
D:7 exclusion: 2 doors


Innate Abilities, Weirdness & Mutations

You can spit globs of acid.
Your golden yellow scales are hard. (AC +6)
You cannot fit into any form of body armour.
You are cold-blooded and may be slowed by cold attacks.
You are resistant to acid. (rCorr)


Message History

* * * LOW HITPOINT WARNING * * *
Eustachio completely misses you.
The adder zombie bites you but does no damage.
Evoke which item? (* to show all) (? for menu, Esc to quit)
Okay, then.
Okay, then.
You closely miss Eustachio.
Eustachio is almost dead.
The quokka bites you.
* * * LOW HITPOINT WARNING * * *
The river rat bites you but does no damage.
The bat hits you but does no damage.
The adder zombie bites you but does no damage.
You miss Eustachio.
Eustachio is almost dead.
The bat barely misses you. The bat misses you.
The quokka bites you but does no damage.
Eustachio gestures wildly while chanting.
The river rat bites you.
You die...

.######......####.....####.......
.# ####.#.##.###...#.......[.> .#
#.#..........'.......... .#
#.#.##.###...#.......... .#
#.#.##.# #..............
#.#.##.###...##.#.......
#.#.##........#.#.......
#.#.##........#.#....... +###
#.#.##r@@.....#.#####...
....######....5rZb5...##.#####..#
....†..........r5.5.............#
....)...####.##..........#####..#
.............##.########## #..#
.....##########.# #... ..... #.#
##.# ..... #.. #.# ..... #.# #.#


You could see Eustachio, an iron imp, a quasit, a crimson imp, a river rat, a
white imp, an adder zombie, a quokka, a bat and a rat.

Vanquished Creatures
  A sky beast (D:6)
  An ice beast (D:8)
  An ogre (D:8)
  3 big kobolds (D:4)
  Blork the orc (D:6)
  2 bullfrogs
  2 howler monkeys
  A crimson imp (D:6)
  A bullfrog skeleton (D:3)
  A hound (D:4)
  Terence (D:3)
  2 iguanas
  A worker ant (D:6)
  A hound skeleton (D:2)
  6 gnolls (D:4)
  10 adders
  An ooze (D:3)
  2 adder zombies (D:5)
  2 adder skeletons
  3 worms
  6 leopard geckos
  12 orcs
  4 bats
  7 giant cockroaches
  41 goblins
  29 hobgoblins
  12 jackals
  9 kobolds
  4 quokkas
  A ball python (D:1)
  3 frilled lizards
  10 rats
181 creatures vanquished.

Vanquished Creatures (collateral kills)
  An orc warrior (D:3)
1 creature vanquished.

Grand Total: 182 creatures vanquished

Notes
Turn   | Place    | Note
-------+----------+-------------------------------------------
     0 | D:1      | Aldia the Draconian Transmuter began the quest for the Orb.
     0 | D:1      | Reached XP level 1. HP: 16/16 MP: 3/3
   213 | D:1      | Reached XP level 2. HP: 23/23 MP: 5/5
   217 | D:1      | Learned a level 2 spell: Sticks to Snakes
   918 | D:1      | Reached XP level 3. HP: 25/29 MP: 4/6
   949 | D:1      | Learned a level 3 spell: Spider Form
  1211 | D:2      | Found a shattered altar of Ashenzari.
  1253 | D:2      | Reached XP level 4. HP: 31/36 MP: 5/7
  1494 | D:2      | Reached skill level 1 in Poison Magic
  1786 | D:2      | Reached skill level 4 in Unarmed Combat
  2381 | D:3      | Noticed an orc warrior
  2417 | D:3      | Killed an orc warrior
  2417 | D:3      | Reached XP level 5. HP: 21/41 MP: 0/8
  2635 | D:3      | Found a blossoming altar of Fedhas.
  3084 | D:3      | Found a hide-covered altar of Uskayaw.
  3355 | D:3      | Found a shattered altar of Ashenzari.
  3555 | D:3      | Found a glowing silver altar of Zin.
  3556 | D:3      | Noticed Terence
  3568 | D:3      | Killed Terence
  3568 | D:3      | Reached XP level 6. HP: 45/48 MP: 9/9
  3829 | D:4      | Found a white marble altar of Elyvilon.
  4360 | D:4      | Reached skill level 5 in Transmutations
  4469 | D:4      | Reached skill level 5 in Unarmed Combat
  4576 | D:4      | Your scales start taking on a golden yellow colour.
  4576 | D:4      | Reached XP level 7. HP: 32/56 MP: 7/10
  4576 | D:4      | Gained mutation: You are resistant to acid. (rCorr) [Yellow
                  | Draconian growth]
  4664 | D:4      | Learned a level 5 spell: Blade Hands
  5081 | D:5      | Entered Level 5 of the Dungeon
  5381 | D:5      | You fall through a shaft for 3 floors!
  5434 | D:8      | Reached skill level 6 in Unarmed Combat
  5550 | D:7      | Found a sparkling altar of Nemelex Xobeh.
  5675 | D:7      | Reached XP level 8. HP: 54/66 MP: 9/11
  6400 | D:5      | Got a pair of brightly glowing gloves
  6411 | D:5      | Identified the +4 pair of gloves of the Planets {*Drain
                  | rElec MR+++} (You found it on level 5 of the Dungeon)
  6640 | D:6      | Found a staircase to the Ecumenical Temple.
  6647 | Temple   | Entered the Ecumenical Temple
  6726 | Temple   | Became a worshipper of Makhleb the Destroyer
  6970 | D:6      | Noticed Blork the orc
  6971 | D:6      | Noticed Eustachio
  6983 | D:6      | Killed Blork the orc
  6983 | D:6      | Reached skill level 7 in Unarmed Combat
  7002 | D:6      | Reached skill level 1 in Invocations
  7028 | D:6      | HP: 3/67 [quokka[Eustachio] (1)]
  7029 | D:6      | Slain by a river rat

Skill      XL: |  1  2  3  4  5  6  7  8 |
---------------+-------------------------+-----
Dodging        | 2 |  2.0
Fighting       | 2 3 4 |  4.3
Poison Magic   | 1 2 |  2.0
Transmutations | 3 4 5 6 |  6.2
Unarmed Combat | 4 5 6 7 |  7.1
Invocations    | 1 |  1.2
Spellcasting   | |  2.5

Action                   |  1- 3 |  4- 6 |  7- 9 || total
-------------------------+-------+-------+-------++-------
Melee: Unarmed           |   131 |   344 |   269 ||   744
       Tailslap          |    13 |    25 |    16 ||    54
       Headbutt          |     3 |     2 |       ||     5
       Kick              |     6 |     6 |     2 ||    14
       Punch             |       |     5 |       ||     5
 Cast: Beastly Appendage |     5 |     7 |     3 ||    15
       Sticks to Snakes  |       |     3 |       ||     3
       Spider Form       |       |     6 |     5 ||    11
 Abil: Breathe Acid      |       |       |     5 ||     5
  Use: Scroll            |       |     9 |     4 ||    13
 Stab: Sleeping          |       |     1 |     1 ||     2
  Eat: Chunk             |     1 |    12 |     4 ||    17
       Ration            |       |       |     2 ||     2
Armor: Skin              |    49 |   109 |   149 ||   307
Dodge: Dodged            |    96 |   233 |   365 ||   694
